 Dungeon Crawl Stone Soup version 0.23.2 (webtiles) character file.

Game seed: 4170564763116627389

287 Menchi the Sneak (level 6, 0/46 HPs)
             Began as a Formicid Assassin on Apr 9, 2019.
             Killed from afar by an orc (3 damage)
             ... with an exploding inner flame
             ... hexed by the player character
             ... on level 3 of the Dungeon.
             The game lasted 00:08:04 (2072 turns).

Menchi the Sneak (Formicid Assassin)                Turns: 2072, Time: 00:08:05

Health: 0/46       AC:  4    Str: 12 (15) XL:     6   Next: 56%
Magic:  6/6        EV: 11    Int:  8 (11) God:
Gold:   152        SH:  0    Dex: 12 (14) Spells: 5/5 levels left

rFire    + . .     SeeInvis +   n - +3 dagger
rCold    + . .     Gourm    .   (no shield)
rNeg     . . .     Faith    .   c - +0 robe
rPois    +         Spirit   .   (helmet unavailable)
rElec    +         Reflect  .   d - +0 cloak
rCorr    +         Harm     .   k - +0 pair of gloves
MR       .....                  (no boots)
Stlth    +++.......             u - amulet of the acrobat
HPRegen  0.15/turn              v - ring of poison resistance
MPRegen  0.10/turn              (no ring)

@: resistant, flying, heavily drained
A: permanent stasis, dig shafts and tunnels, four strong arms, antennae 3
a: Dig, Shaft Self


You were on level 3 of the Dungeon.
You were hungry.

You visited 1 branch of the dungeon, and saw 3 of its levels.

You collected 152 gold pieces.

Inventory:

Hand Weapons
 b - a +0 blowgun
 n - a +3 dagger (weapon)
Missiles
 e - 35 poisoned needles
 f - 2 curare-tipped needles
 s - 8 needles of sleeping
Armour
 c - a +0 robe (worn)
 d - a +0 cloak (worn)
 k - a +0 pair of gloves (worn)
Jewellery
 t - an uncursed amulet of magic regeneration
 u - an amulet of the acrobat (around neck)
 v - a ring of poison resistance (left hand)
 x - an uncursed amulet of harm
 y - an uncursed amulet of rage
Scrolls
 o - a scroll of amnesia {unknown}
 p - a scroll of remove curse {unknown}
 r - 2 scrolls of identify {unknown}
Potions
 m - 3 potions of haste
Comestibles
 g - 4 rations
 q - 7 chunks of flesh


   Skills:
 + Level 2.6(1.3) Fighting
 * Level 3.8(2.4) Short Blades
 - Level 2.0(0.6) Throwing
 + Level 1.3(0.0) Armour
 * Level 2.0(0.7) Dodging
 * Level 7.3(5.7) Stealth


You had 5 spell levels left.
You didn't know any spells.
Your spell library was empty.

Dungeon Overview and Level Annotations

Branches:
Dungeon (3/15)

Altars:
Cheibriados

Annotations:
D:3 Ijyb


Innate Abilities, Weirdness & Mutations

You cannot be hasted, slowed, berserked, paralysed or teleported.
You can dig through walls and to a lower floor.
Your four strong arms can wield two-handed weapons with a shield.
You have a pair of large antennae on your head. (SInv)


Message History

The orc is moderately wounded.
You closely miss the orc.
The orc is moderately wounded.
The orc misses you.
You hit the orc.
The orc is heavily wounded.
The orc hits you with a +0 club.
* * * LOW HITPOINT WARNING * * *
You hit the orc.
The orc is severely wounded.
The orc barely misses you.
You hit the orc but do no damage.
The orc is severely wounded.
The orc barely misses you.
You hit the orc but do no damage.
The orc is severely wounded.
You hit the orc.
The orc explodes!
The fiery explosion engulfs you. You resist.
You die...

#.#........##....#######
#.#.....†..##.....†....#
#.#...#########.#†####.#
#####.#...# #.#.#
#.........#########.#.# ##
#...(.."..'...............
#.........#########.......
#......##############.....
#..............@§og......8
##################o.....8.
#........8._ { {
#.........8. { {
#..........8 #...........
{ #.....o[##.. { ####oo.##
. +...#


You could see Ijyb (inner flame) and 2 orcs.

Vanquished Creatures
  An orc priest (D:3)
  Jessica (D:2)
  Terence (D:2)
  Natasha (thrice) (D:2)
  5 adders
  An ooze (D:2)
  2 worms (D:3)
  A dart slug (D:1)
  6 orcs
  10 bats
  4 giant cockroaches
  5 hobgoblins
  6 jackals
  A ball python (D:1)
  12 frilled lizards
  7 goblins
  4 kobolds
  12 rats
82 creatures vanquished.

Vanquished Creatures (others)
  9 toadstools (D:3)
9 creatures vanquished.

Grand Total: 91 creatures vanquished

Notes
Turn   | Place    | Note
-------+----------+-------------------------------------------
     0 | D:1      | Menchi the Formicid Assassin began the quest for the Orb.
     0 | D:1      | Reached XP level 1. HP: 16/16 MP: 1/1
    39 | D:1      | Reached skill level 5 in Stealth
    54 | D:1      | Reached skill level 1 in Dodging
    70 | D:1      | Reached XP level 2. HP: 22/22 MP: 2/2
   483 | D:1      | Reached XP level 3. HP: 27/27 MP: 3/3
   887 | D:2      | Reached skill level 1 in Armour
   887 | D:2      | Reached skill level 6 in Stealth
   887 | D:2      | Reached XP level 4. HP: 7/33 MP: 4/4
  1013 | D:2      | Noticed Natasha
  1168 | D:2      | Noticed Terence
  1175 | D:2      | Killed Terence
  1182 | D:2      | Killed Natasha
  1182 | D:2      | Reached XP level 5. HP: 31/39 MP: 5/5
  1324 | D:2      | Noticed Natasha
  1337 | D:2      | Killed Natasha
  1376 | D:2      | Noticed Jessica
  1390 | D:2      | Killed Jessica
  1390 | D:2      | Reached XP level 6. HP: 46/46 MP: 6/6
  1486 | D:2      | Found a snail-covered altar of Cheibriados.
  1533 | D:2      | Noticed Natasha
  1542 | D:2      | Killed Natasha
  1542 | D:2      | Reached skill level 7 in Stealth
  2014 | D:3      | Found a faded altar of an unknown god.
  2046 | D:3      | Noticed Ijyb
  2068 | D:3      | HP: 2/46 [orc/+0 club (3)]
  2072 | D:3      | Killed from afar by an orc

Skill      XL: |  1  2  3  4  5  6 |
---------------+-------------------+-----
Stealth        | 5 6 7 |  7.3
Dodging        | 1 2 |  2.0
Armour         | 1 |  1.3
Short Blades   | 3 |  3.8
Fighting       | |  2.6
Throwing       | |  2.0

Action                   |  1- 3 |  4- 6 || total
-------------------------+-------+-------++-------
Melee: Dagger            |   113 |   151 ||   264
  Use: Potion            |     1 |     4 ||     5
       Scroll            |       |     2 ||     2
 Stab: Sleeping          |    13 |    10 ||    23
  Eat: Ration            |       |     1 ||     1
Armor: Robe              |    31 |    33 ||    64
Dodge: Dodged            |    63 |    75 ||   138
